 Dungeon Crawl Stone Soup version 0.19.0 (webtiles) character file.

100 CanadianGator the Skirmisher (level 4, 0/32 HPs)
             Began as an Octopode Fighter on Nov 22, 2016.
             Was an Initiate of Dithmenos.
             Succumbed to Crazy Yiuf's poison
             ... on level 2 of the Dungeon.
             The game lasted 00:05:02 (1639 turns).

CanadianGator the Skirmisher (Octopode Fighter)     Turns: 1639, Time: 00:05:03

Health: 0/32       AC:  1    Str: 20    XL:     4   Next: 74%
Magic:  4/5        EV: 12    Int: 10    God:    Dithmenos [......]
Gold:   114        SH:  9    Dex: 12    Spells: 0 memorised, 5 levels left

rFire  . . .     SeeInvis .       - Unarmed
rCold  . . .     Gourm    .     a - +0 shield
rNeg   . . .     Faith    .     (helmet restricted)
rPois  .         Spirit   .     (no amulet)
rElec  .         Reflect  .     d - ring of stealth
rCorr  .         Harm     .     (no ring)
MR     .....                    (no ring)
Stlth  ++++......               (no ring)
                                (no ring)
                                (no ring)
                                (no ring)
                                (no ring)

@: mighty, lethally poisoned (0 -> -12)
A: almost no armour, stealthy swim, amphibious, 8 rings, constrict 8, camouflage
1, gelatinous body 1
a: Renounce Religion


You were on level 2 of the Dungeon.
You worshipped Dithmenos.
Dithmenos was noncommittal.
You were not hungry.

You visited 1 branch of the dungeon, and saw 2 of its levels.

You collected 114 gold pieces.

Inventory:

Armour
 a - a +0 shield (worn)
 b - a +0 cloak of magic resistance
Jewellery
 d - a ring of stealth (left tentacle)
Comestibles
 c - 3 bread rations
 f - a slice of pizza
 j - 3 meat rations


   Skills:
 + Level 3.6 Fighting
 * Level 3.4 Dodging
 + Level 1.9 Stealth
 * Level 3.4 Shields
 * Level 2.8 Unarmed Combat
 + Level 1.0 Spellcasting


You had 5 spell levels left.
You didn't know any spells.

Dungeon Overview and Level Annotations

Branches:
Dungeon (2/15)

Altars:
Dithmenos
Fedhas
Kikubaaqudgha


Innate Abilities, Weirdness & Mutations

You cannot wear most types of armour.
You are very stealthy in the water. (Stealth+)
You are amphibious.
You can wear up to eight rings at the same time.
You can use your tentacles to constrict eight enemies at once.
Your skin changes colour to match your surroundings (Stealth+).
Your rubbery body absorbs attacks. (AC +1, EV +1)


Message History

You feel sick.
Things that are here:
a quarterstaff of chaos; a glowing cloak
There is a lethal amount of poison in your body!
Okay, then.
You feel very mighty all of a sudden.
* * * LOW HITPOINT WARNING * * *
You feel sick.
b - a glowing cloak
* * * LOW HITPOINT WARNING * * *
You feel sick.
* * * LOW HITPOINT WARNING * * *
You feel sick.
You see here a mace.
* * * LOW HITPOINT WARNING * * *
You feel sick.
As you read the scroll labeled AMAGHI GOPUSICUCZO, it crumbles to dust.
It is a scroll of enchant weapon.
You aren't carrying any weapons that can be enchanted.
You die...

.................................
####........[.....####...........
.................................
.##########....####.######.#....#
....############ ###......#.##.#
....#.....# ####...#.##.#
..........# ##### #.'.....##.#
.###†.....# #.))# #.#......#.#
.#.....#### #..@# #.####.#.#.#
.#.#....# #...# ##......#...#
.#...#..## ##'## #....#..#####
..##.#...## ##.# #.#.....#####
>.........# #.## #............
...##.....# ##.# #............
..........# #.## ########.####
..##......# ##.## ########.####
......#.### #.P.## #.....##....#


There were no monsters in sight!

Vanquished Creatures
  Crazy Yiuf (D:2)
  2 adders (D:2)
  An ooze (D:1)
  A worm (D:2)
  A dart slug (D:2)
  4 leopard geckos (D:2)
  3 giant cockroaches (D:2)
  3 goblins
  4 hobgoblins
  3 jackals (D:2)
  7 kobolds
  A quokka (D:2)
  3 bats
  A frilled lizard (D:2)
  7 rats
42 creatures vanquished.

Notes
Turn   | Place    | Note
-------+----------+-------------------------------------------
     0 | D:1      | CanadianGator the Octopode Fighter began the quest for the Orb.
     0 | D:1      | Reached XP level 1. HP: 16/16 MP: 1/1
   277 | D:1      | Reached skill level 1 in Stealth
   277 | D:1      | Reached XP level 2. HP: 21/21 MP: 2/2
   941 | D:2      | Reached XP level 3. HP: 19/26 MP: 2/4
  1094 | D:2      | Found a shadowy altar of Dithmenos.
  1121 | D:2      | Found a blossoming altar of Fedhas.
  1122 | D:2      | Found an ancient bone altar of Kikubaaqudgha.
  1288 | D:2      | Reached XP level 4. HP: 26/31 MP: 5/5
  1439 | D:2      | Became a worshipper of Dithmenos the Shadowed
  1608 | D:2      | Found a runed door.
  1624 | D:2      | Noticed Crazy Yiuf
  1633 | D:2      | Killed Crazy Yiuf
  1633 | D:2      | Reached skill level 1 in Spellcasting
  1637 | D:2      | HP: 1/32 [poisoned by Crazy Yiuf]
  1639 | D:2      | Succumbed to Crazy Yiuf's poison

Skill      XL: |  1  2  3  4 |
---------------+-------------+-----
Stealth        | 1 |  1.9
Spellcasting   | 1 |  1.0
Fighting       | |  3.6
Dodging        | |  3.4
Shields        | |  3.4
Unarmed Combat | |  2.8

Action                   |  1- 3 |  4- 6 || total
-------------------------+-------+-------++-------
Melee: Unarmed           |   101 |    15 ||   116
       Constrict         |    20 |     3 ||    23
       Tentacles         |    17 |       ||    17
       Punch             |       |     1 ||     1
  Use: Scroll            |     6 |     1 ||     7
       Potion            |     2 |     1 ||     3
 Stab: Sleeping          |     7 |     1 ||     8
       Distracted        |       |     1 ||     1
  Eat: Bread ration      |       |     1 ||     1
Armor: Skin              |     6 |       ||     6
Dodge: Dodged            |    47 |       ||    47
Block: Shield            |    41 |     7 ||    48
